 Dungeon Crawl Stone Soup version 0.29.1-15-g9cfb28693d (webtiles) character file.

Game seed: 11182282431772411262

637 Heoruswealwe the Magician (level 7, -7/39 HPs)
             Began as a Deep Elf Earth Elementalist on Apr 19, 2023.
             Mangled by an azure jelly (44 damage)
             ... created by the all-consuming vengeance of Jiyva
             ... on level 4 of the Dungeon.
             The game lasted 00:34:25 (2928 turns).

Heoruswealwe the Magician (DEEE)                    Turns: 2928, Time: 00:34:25

Health: -7/39      AC:  2    Str:  4    XL:     7   Next: 25%
Magic:  16/20      EV: 12    Int: 26    God:
Gold:   129        SH:  0    Dex: 14    Spells: 11/21 levels left

rFire   . . .      SeeInvis .   b - +0 war axe
rCold   . . .      Faith    .   (no shield)
rNeg    . . .      Spirit   .   c - +0 robe {Will+}
rPois   .          Reflect  .   (no helmet)
rElec   .          Harm     .   (no cloak)
rCorr   .          Rampage  .   (no gloves)
Will    +....                   (no boots)
Stlth   ++........              (no amulet)
HPRegen 0.13/turn               (no ring)
MPRegen 0.17/turn               (no ring)

@: slightly contaminated
A: hooves 1, clever 1, robust 1
a: no special abilities


You were on level 4 of the Dungeon.
You visited 1 branch of the dungeon, and saw 4 of its levels.

You collected 129 gold pieces.

Inventory:

Hand Weapons
 b - a +0 war axe (weapon)
Armour
 c - a +0 robe of willpower (worn)
Magical Staves
 n - a staff of fire
Wands
 e - a wand of flame (18)
Scrolls
 d - 3 scrolls of noise {unknown}
 f - a scroll of blinking {unknown}
 g - 2 scrolls of teleportation {unknown}
 k - a scroll of brand weapon {unknown}
 l - 3 scrolls of amnesia {unknown}
 o - 2 scrolls of enchant weapon {unknown}
 p - a scroll of magic mapping {unknown}
 s - a scroll of enchant armour {unknown}
Potions
 a - a potion of haste {unknown}
 h - 2 potions of heal wounds
 i - 2 potions of curing {unknown}
 j - 2 potions of brilliance
 m - a potion of cancellation {unknown}
 q - a potion of magic
 r - a potion of mutation


   Skills:
 - Level 2.4 Dodging
 - Level 2.4 Stealth
 + Level 7.9 Spellcasting
 - Level 1.1 Transmutations
 + Level 6.9 Earth Magic


You had 11 spell levels left.
You knew the following spells:

 Your Spells              Type           Power      Damage    Failure   Level
a - Sandblast             Erth           92%        2d19      1%          1
b - Stone Arrow           Conj/Erth      56%        3d10      4%          3
c - Petrify               Tmut/Erth      31%        N/A       11%         4
z - Passwall              Tmut/Erth      25%        N/A       1%          2

Your spell library contained the following spells:

 Spells                   Type           Power      Damage    Failure   Level
 Beastly Appendage        Tmut           32%        N/A       3%          1
 Wereblood                Tmut           16%        N/A       5%          2
 Foxfire                  Conj/Fire      40%        2x1d6     6%          1
 Spider Form              Tmut/Pois      13%        N/A       14%         3
 Conjure Flame            Conj/Fire      10%        6-21      17%         3
 Inner Flame              Hex/Fire       10%        N/A       17%         3
 Flame Wave               Conj/Fire      10%        2d6       50%         4


Dungeon Overview and Level Annotations

Branches:
Dungeon (4/15)
 Temple: D:4-7

Altars:
Trog
Yredelemnul
Jiyva

Shops:
D:2 [


Innate Abilities, Weirdness & Mutations

You have large cloven feet.
Your mind is acute. (Int +4, Str/Dex -1)
You are robust. (+10% HP)


Message History

Found a scroll labelled HEIMOZ UTYWKAA and a potion of berserk rage.
The blast of sand hits the quokka!!
You kill the quokka!
Found a ring mail.
s - a scroll labelled HEIMOZ UTYWKAA You see here a +0 ring mail.
You see here a quokka corpse.
You see here a potion of berserk rage.
You open the door.
There is an open door here.
Found 4 gold pieces.
You now have 114 gold pieces (gained 4).
Found 9 gold pieces.
You now have 123 gold pieces (gained 9).
Found 6 gold pieces.
You now have 129 gold pieces (gained 6).
Mutagenic energy floods into your body!
You are contaminated with residual magic.
Sorry, you're not good enough to have a special ability.
You feel less contaminated with magical energies.
An orc comes into view. It is wielding a +0 mace.
The orc shouts!
A scorpion comes into view.
The blast of sand hits the orc!
You kill the orc!
You can't see any susceptible monsters within range! (Use Z to cast anyway.)
An adder comes into view.
The blast of sand hits the scorpion!!
You kill the scorpion!
The blast of sand hits the adder!
You kill the adder!
Some slimes ooze up out of the ground!
An azure jelly and a glowing orange brain come into view.
The blast of sand hits the azure jelly.
The azure jelly is lightly wounded.
The blast of sand hits the azure jelly!
The azure jelly is lightly wounded.
The azure jelly hits you. The azure jelly freezes you!!!
Ouch! That really hurt!
You die...

##.8.. .#. ..#
##.#... .. ..
#...8.. .. ..
+...... .#.
#...8.. ...
##.#... #)# ##.8[.
#.# ##... #@# ##..
#J# ##' #G# #. #
######.# ##
####.##...##.# #
#.........##.####
#.##.##.........#
##........#
#......#.#########


You could see an azure jelly and a glowing orange brain.

Vanquished Creatures
  Sigmund (D:2)
  The ghost of duchin the Slasher, an amateur MfGl (D:3)
  2 scorpions
  A centaur zombie (D:3)
  An orc priest (D:3)
  Jessica (D:2)
  Natasha (thrice) (D:2)
  A scorpion simulacrum (D:3)
  2 adders
  2 adder zombies (D:3)
  3 worms (D:3)
  A dart slug (D:1)
  6 orcs
  5 ball pythons
  5 bats
  6 endoplasms
  5 giant cockroaches
  5 goblins
  5 hobgoblins
  5 quokkas
  A frilled lizard (D:1)
  A giant cockroach simulacrum (D:3)
  4 kobolds
  A quokka simulacrum (D:3)
  8 rats
76 creatures vanquished.

Vanquished Creatures (others)
  20 plants (D:2)
20 creatures vanquished.

Grand Total: 96 creatures vanquished

Notes
Turn   | Place    | Note
-------+----------+-------------------------------------------
     0 | D:1      | Heoruswealwe the Deep Elf Earth Elementalist began the
                  | quest for the Orb.
     0 | D:1      | Reached XP level 1. HP: 10/10 MP: 6/6
   177 | D:1      | Reached XP level 2. HP: 12/15 MP: 5/8
   180 | D:1      | Learned a level 2 spell: Passwall
   463 | D:1      | Found a faded altar of an unknown god.
   470 | D:1      | Reached skill level 4 in Spellcasting
   516 | D:1      | Prayed at the altar of an unknown god.
   516 | D:1      | Became a worshipper of Jiyva Jyjux the Shapeless
   516 | D:1      | Reached * piety under Jiyva
   518 | D:1      | Fell from the grace of Jiyva
   545 | D:1      | Reached XP level 3. HP: 19/19 MP: 7/10
   549 | D:1      | Learned a level 3 spell: Stone Arrow
   680 | D:2      | Found Seuhoob's Armour Shop.
   737 | D:2      | Noticed Jessica
   742 | D:2      | Killed Jessica
   993 | D:2      | Gained mutation: Armour fits poorly on your strangely
                  | shaped body. [mutagenic glow]
  1139 | D:2      | Noticed Sigmund
  1156 | D:2      | Killed Sigmund
  1157 | D:2      | Reached skill level 6 in Spellcasting
  1157 | D:2      | Reached skill level 5 in Earth Magic
  1157 | D:2      | Reached XP level 4. HP: 20/24 MP: 9/14
  1157 | D:2      | Reached XP level 5. HP: 23/28 MP: 9/15
  1162 | D:2      | Learned a level 4 spell: Petrify
  1221 | D:2      | Gained mutation: Your magical capacity is low. (-10% MP)
                  | [the all-consuming vengeance of Jiyva]
  1229 | D:2      | Lost mutation: Armour fits poorly on your strangely shaped
                  | body. [potion of mutation]
  1229 | D:2      | Lost mutation: Your magical capacity is low. (-10% MP)
                  | [potion of mutation]
  1229 | D:2      | Gained mutation: Your mind is acute. (Int +4, Str/Dex -1)
                  | [potion of mutation]
  1229 | D:2      | Gained mutation: You have large cloven feet. [potion of
                  | mutation]
  1229 | D:2      | Gained mutation: You are robust. (+10% HP) [potion of
                  | mutation]
  1400 | D:2      | Noticed Natasha
  1403 | D:2      | Killed Natasha
  1566 | D:2      | Noticed Natasha
  1569 | D:2      | Killed Natasha
  1570 | D:2      | Reached XP level 6. HP: 32/35 MP: 14/17
  1668 | D:2      | Noticed Natasha
  1671 | D:2      | Killed Natasha
  1835 | D:3      | Reached skill level 7 in Spellcasting
  1857 | D:3      | Found a runed translucent gate.
  1858 | D:3      | Found a runed translucent gate.
  1858 | D:3      | Found a runed translucent gate.
  2022 | D:3      | Noticed duchin's ghost (amateur MfGl)
  2114 | D:3      | Found a basalt altar of Yredelemnul.
  2364 | D:3      | Noticed a moth of wrath
  2367 | D:3      | Found a bloodstained altar of Trog.
  2559 | D:3      | Killed duchin's ghost
  2560 | D:3      | Reached XP level 7. HP: 20/39 MP: 15/20
  2927 | D:4      | Noticed an azure jelly
  2927 | D:4      | Noticed a glowing orange brain
  2928 | D:4      | Mangled by an azure jelly

Illustrated notes

Levels and vault maps discovered:
D:1:      giann_wishing_wells, layout_rooms,
          shapermc_ecumenical_altar_totnotflames, minivault_11,
          hangedman_abyss_or_decor_lesser_grid,
          amcnicky_mini_rare_corridor_liquid
D:2:      layout_basic, serial_shops, shop, wad_woods_river_04, nicolae_titane,
          uniq_jessica, uniq_sigmund, uniq_natasha
D:3:      layout_loops_ring, tgw_trog, nicolae_yredelemnul_corpse_copse,
          gammafunk_ghost_icy, hex_tiny, kennysheep_generic_room_11
D:4:      layout_loops_corners, dk_noncrumbling_3, uniq_menkaure, uniq_robin

Skill      XL: |  1  2  3  4  5  6 |
---------------+-------------------+-----
Spellcasting   | 4 6 7 |  7.9
Earth Magic    | 4 5 6 |  6.9
Dodging        | |  2.4
Stealth        | |  2.4
Transmutations | |  1.1

Action                   |  1- 3 |  4- 6 |  7- 9 || total
-------------------------+-------+-------+-------++-------
Melee: Unarmed           |       |    55 |       ||    55
       Kick              |       |    28 |       ||    28
       Punch             |       |     1 |       ||     1
 Cast: Sandblast         |    49 |    52 |     9 ||   110
       Passwall          |       |     1 |       ||     1
Invok: Renounce Religion |     1 |       |       ||     1
  Use: Scroll            |     4 |       |       ||     4
       Potion            |     1 |     2 |       ||     3
Armor: Robe              |     2 |     4 |       ||     6
Dodge: Dodged            |     6 |     7 |       ||    13
